 Dungeon Crawl Stone Soup version 0.28.0-53-g5a82cb258f (webtiles) character file.

Game seed: 5135658765498402155

2161 Zeld the Ogre Mage (level 9, -2/74 HPs)
             Began as an Ogre Fire Elementalist on May 27, 2022.
             Was an Initiate of Sif Muna.
             Slain by an iguana (10 damage)
             ... on level 6 of the Dungeon.
             The game lasted 00:12:04 (10091 turns).

Zeld the Ogre Mage (Ogre Fire Elementalist)        Turns: 10091, Time: 00:12:05

Health: -2/74      AC:  3    Str: 14    XL:     9   Next: 32%
Magic:  18/21      EV:  9    Int: 20    God:    Sif Muna [......]
Gold:   174        SH:  0    Dex:  9    Spells: 9/25 levels left

rFire   . . .      SeeInvis .   (no weapon)
rCold   . . .      Faith    .   (no shield)
rNeg    . . .      Spirit   .   a - +0 robe
rPois   .          Reflect  .   (helmet restricted)
rElec   .          Harm     .   (no cloak)
rCorr   .          Rampage  .   (gloves unavailable)
Will    .....                   (boots unavailable)
Stlth   +.........              (no amulet)
HPRegen 0.22/turn               (no ring)
MPRegen 0.17/turn               (no ring)

@: no status effects
A: large, unfitting armour, tough skin 1
a: Renounce Religion


You were on level 6 of the Dungeon.
You worshipped Sif Muna.
Sif Muna was noncommittal.
You visited 2 branches of the dungeon, and saw 8 of its levels.

You collected 264 gold pieces.
You spent 90 gold pieces at shops.

Inventory:

Armour
 a - a +0 robe (worn)
Wands
 i - a wand of charming (3)
 m - a wand of iceblast (2)
 n - a wand of digging (5)
 s - a wand of mindburst (15)
Scrolls
 b - a scroll of magic mapping {unknown}
 e - a scroll of brand weapon {unknown}
 h - a scroll of noise {unknown}
 j - 10 scrolls of identify {unknown}
 o - a scroll of enchant armour {unknown}
 p - a scroll of vulnerability {unknown}
 q - a scroll of amnesia {unknown}
 r - a scroll of enchant weapon {unknown}
 t - a scroll of summoning {unknown}
 u - a scroll of acquirement {unknown}
Potions
 c - 2 potions of ambrosia {unknown}
 d - 2 potions of degeneration {unknown}
 f - 4 potions of curing
 g - a potion of heal wounds
 k - a potion of might
 l - 2 potions of magic {unknown}


   Skills:
 - Level 1.7 Dodging
 - Level 1.4 Stealth
 * Level 8.7 Spellcasting
 + Level 4.8 Conjurations
 * Level 7.5 Fire Magic


You had 9 spell levels left.
You knew the following spells:

 Your Spells              Type           Power      Damage    Failure   Level
a - Foxfire               Conj/Fire      100%       2x1d9     1%          1
b - Scorch                Fire           76%        2d9       1%          2
c - Inner Flame           Hex/Fire       23%        N/A       4%          3
d - Ignite Poison         Fire/Tmut/Pois 18%        N/A       9%          3
e - Flame Wave            Conj/Fire      33%        2d8       6%          4
z - Mephitic Cloud        Conj/Pois/Air  15%        N/A       12%         3

Your spell library contained the following spells:

 Spells                   Type           Power      Damage    Failure   Level
 Conjure Flame            Conj/Fire      33%        6-21      1%          3
 Animate Skeleton         Necr           16%        N/A       8%          1
 Pain                     Necr           32%        1d5       8%          1
 Sandblast                Erth           16%        2d6       8%          1
 Stone Arrow              Conj/Erth      36%        3d9       9%          3
 Corpse Rot               Necr/Air       16%        N/A       12%         2
 Passwall                 Tmut/Erth      6%         N/A       12%         2
 Tukima's Dance           Hex            8%         N/A       24%         3
 Vampiric Draining        Necr           8%         2d6       24%         3
 Anguish                  Hex/Necr       4%         N/A       61%         4
 Dispel Undead            Necr           8%         3d8       61%         4
 Freezing Cloud           Conj/Ice/Air   7%         6-21      75%         5
 Death Channel            Necr           4%         N/A       100%        6
 Enfeeble                 Hex            4%         N/A       100%        7


Dungeon Overview and Level Annotations

Branches:
Dungeon (7/15)             Temple (1/1) D:6

Altars:
Ashenzari
Cheibriados
Elyvilon
Fedhas
Gozag
Hepliaklqana
Kikubaaqudgha
Nemelex Xobeh
Okawaru
Qazlal
Ru
Sif Muna
Uskayaw
Xom
Yredelemnul
Zin
The Shining One
Ignis


Innate Abilities, Weirdness & Mutations

You are too large for most types of armour.
You have tough skin. (AC +1)


Message History

The yak is heavily wounded.
The yak gores you. x2
* * * LOW HITPOINT WARNING * * *
Unknown command.
Unknown command.
Unknown command.
A wave of flame ripples out!
The flame wave engulfs the yak!
The yak is severely wounded.
The flame wave engulfs the yak!
You kill the yak!
Sif Muna accepts your kill.
The flame wave engulfs the yak!
The yak is severely wounded.
The flame wave engulfs the yak!
The yak is heavily wounded.
You finish channelling waves of flame.
The yak closely misses you.
Unknown command.
Unknown command.
Unknown command.
The yak misses you. The yak gores you.
* * * LOW HITPOINT WARNING * * *
You climb upwards.
There is a stone staircase leading down here.
The yak barely misses you. The yak gores you!
* * * LOW HITPOINT WARNING * * *
The iguana bites you!
* * * LOW HITPOINT WARNING * * *
Aiming: Charm
Press: ? - help, Shift-Dir - straight line, f - iguana
Aim: an iguana (chance to affect: 57%)
The iguana resists with significant effort.
The iguana misses you.
Unknown command.
Aiming: Charm
Press: ? - help, Shift-Dir - straight line, f/p - iguana
Aim: an iguana (chance to affect: 57%)
The iguana resists with significant effort.
The iguana bites you!
You die...

###..#####.....#.###.# ##....#.#.
# #............#.# #.###.........
###.######.#####.###..##....#.8.#
......# #.# #......#...#......
###.#.####.# #........#...8.>.8
...........# #..........#......
###.#.##########........#...#.8.#
.......#................#........
###.#......#####@.....#.#....#.#.
#.####.#.# #l######.##.#..... #.#
#.#.# #YY.YY.........#.. #.#
##'#.# ##..#####....#.....
###.###....####...# #....#.....
#....##...........## #....#.....
#....##....#..###..# #.#..#.....
#....##....#.##⌠##.# #.#..#.####
#....##....#..#_#..## #.#..#.#


You could see 2 yaks and an iguana.

Vanquished Creatures
  Pikel (D:4)
  A yak (D:7)
  2 black bears
  A necrophage (D:5)
  A centaur (D:6)
  2 lemures (D:3)
  2 phantoms
  A scorpion (D:6)
  2 water moccasin skeletons (D:5)
  3 wights (D:6)
  A centaur zombie (D:5)
  3 hounds
  2 bullfrog skeletons (D:6)
  A centaur skeleton (D:6)
  A gnoll shaman (D:4)
  2 orc priests
  A jelly (D:4)
  Ijyb (D:4)
  Jessica (D:2)
  An iguana (D:5)
  Natasha (thrice) (D:2)
  An orc wizard (D:3)
  A killer bee zombie (D:4)
  A hound zombie (D:5)
  A hound skeleton (D:4)
  Robin (D:3)
  8 gnolls
  5 adders
  A shadow imp (D:6)
  A white imp (D:6)
  2 ufetubi
  An adder zombie (D:5)
  A dart slug (D:4)
  8 orcs
  6 ball pythons
  3 bats
  5 endoplasms
  2 giant cockroaches
  20 goblins
  9 hobgoblins
  4 kobolds
  3 quokkas
  4 frilled lizards
  3 rats
124 creatures vanquished.

Vanquished Creatures (others)
  A lemure (D:4)
  35 foxfires
  11 plants
47 creatures vanquished.

Grand Total: 171 creatures vanquished

Notes
Turn   | Place    | Note
-------+----------+-------------------------------------------
     0 | D:1      | Zeld the Ogre Fire Elementalist began the quest for the
                  | Orb.
     0 | D:1      | Reached XP level 1. HP: 16/16 MP: 3/3
    26 | D:1      | Reached skill level 1 in Conjurations
    76 | D:1      | Reached XP level 2. HP: 24/24 MP: 1/5
   131 | D:1      | Learned a level 2 spell: Scorch
   414 | D:1      | Reached skill level 3 in Spellcasting
   708 | D:1      | Reached XP level 3. HP: 31/31 MP: 4/7
   712 | D:1      | Learned a level 3 spell: Inner Flame
  1440 | D:2      | Noticed Jessica
  1675 | D:2      | Killed Jessica
  1676 | D:2      | Reached XP level 4. HP: 35/39 MP: 0/9
  1688 | D:2      | Learned a level 3 spell: Ignite Poison
  1801 | D:2      | Noticed Natasha
  1809 | D:2      | Killed Natasha
  1862 | D:2      | Noticed Natasha
  1864 | D:2      | Killed Natasha
  1865 | D:2      | Reached skill level 4 in Spellcasting
  1865 | D:2      | Reached XP level 5. HP: 32/45 MP: 0/11
  1871 | D:2      | Noticed Natasha
  1901 | D:1      | Learned a level 3 spell: Mephitic Cloud
  2049 | D:2      | Killed Natasha
  2575 | D:3      | Noticed Robin
  2805 | D:3      | Killed Robin
  2927 | D:3      | Found a faded altar of an unknown god.
  4018 | D:4      | Noticed Pikel
  4018 | D:4      | Noticed a lemure
  4018 | D:4      | Noticed a lemure
  4018 | D:4      | Noticed a lemure
  4018 | D:4      | Noticed a lemure
  4024 | D:3      | Killed a lemure
  4120 | D:4      | Reached XP level 6. HP: 53/53 MP: 7/13
  4269 | D:4      | Noticed a black bear
  4399 | D:4      | Reached skill level 5 in Spellcasting
  5062 | D:3      | Reached XP level 7. HP: 49/59 MP: 9/15
  5438 | D:3      | Reached skill level 5 in Fire Magic
  5726 | D:4      | Noticed Ijyb
  5734 | D:4      | Killed Ijyb
  6371 | D:4      | Killed Pikel
  6372 | D:4      | Reached skill level 6 in Spellcasting
  6372 | D:4      | Reached XP level 8. HP: 50/67 MP: 0/18
  6589 | D:4      | Found a sacrificial altar of Ru.
  6628 | D:4      | Reached skill level 7 in Spellcasting
  6908 | D:5      | Entered Level 5 of the Dungeon
  6918 | D:5      | Learned a level 4 spell: Flame Wave
  7253 | D:5      | Found a snail-covered altar of Cheibriados.
  7931 | D:6      | Reached skill level 8 in Spellcasting
  7934 | D:6      | Reached XP level 9. HP: 16/73 MP: 6/21
  8359 | D:6      | Found a broken altar of Ashenzari.
  8409 | D:6      | Found Zin's Purification Station.
  8413 | D:6      | Found a glowing silver altar of Zin.
  8416 | D:6      | Bought a potion of curing for 90 gold pieces
  8861 | D:6      | Found a staircase to the Ecumenical Temple.
  8871 | Temple   | Entered the Ecumenical Temple
  9271 | Temple   | Became a worshipper of Sif Muna the Loreminder
  9393 | D:6      | Found an ancient bone altar of Kikubaaqudgha.
 10091 | D:6      | Slain by an iguana

Illustrated notes

Levels and vault maps discovered:
D:1:      lightli_arrival_flooded_house, layout_loops_ring,
          hangedman_decor_points
D:2:      layout_rooms, uniq_jessica, uniq_natasha
D:3:      layout_basic, dilly_ecumenical_altar_fadedgnrine,
          minmay_misc_feat_tiny, uniq_robin
D:4:      nicolae_cairo_tiling_large_dashed, layout_cave_pods,
          nicolae_ru_awakened_eye, uniq_pikel, uniq_ijyb
D:5:      layout_cave_pools, mainiacjoe_overflow_cross_hatched
D:6:      layout_basic, zin_purify, cheibrodos_ashenzari_chains,
          mainiacjoe_overflow_boulevard, minmay_temple_entry_sparse_star
D:7:      layout_loops_corners, grunt_dithmenos_shadows,
          mainiacjoe_overflow_concentric_impassable
Temple:   ebering_untended_altars

Skill      XL: |  1  2  3  4  5  6  7  8 |
---------------+-------------------------+-----
Conjurations   | 1 2 3 4 |  4.8
Fire Magic     | 3 4 6 7 |  7.5
Spellcasting   | 3 4 5 6 8 |  8.7
Dodging        | |  1.7
Stealth        | |  1.4

Action                   |  1- 3 |  4- 6 |  7- 9 || total
-------------------------+-------+-------+-------++-------
Melee: Unarmed           |     5 |     7 |    16 ||    28
 Cast: Foxfire           |    13 |     6 |     5 ||    24
       Scorch            |    27 |    68 |   110 ||   205
       Mephitic Cloud    |       |     2 |     5 ||     7
       Ignite Poison     |       |     1 |     4 ||     5
       Flame Wave        |       |       |     4 ||     4
       Inner Flame       |       |       |     3 ||     3
Evoke: Wand              |       |       |     6 ||     6
Armor: Robe              |     5 |     8 |    27 ||    40
Dodge: Dodged            |    11 |    18 |    49 ||    78
